 Dungeon Crawl Stone Soup version 0.31-a0-1019-g3dd9dd1025 (webtiles) character file.

Game seed: 17393754780102514237

99 Azuregosa the Covert (level 4, -2/31 HPs)
             Began as an Octopode Delver on Nov 17, 2023.
             Was an Initiate of Dithmenos.
             Slain by an orc
             ... wielding a +0 short sword
              (5 damage)
             ... in the Ecumenical Temple.
             The game lasted 00:02:24 (622 turns).

Azuregosa the Covert (Octopode Delver)               Turns: 622, Time: 00:02:25

Health: -2/31      AC:  1    Str: 11    XL:     4   Next: 72%
Magic:  4/4        EV: 13    Int: 14    God:    Dithmenos [......]
Gold:   48         SH:  0    Dex: 13    Spells: 3/3 levels left

rFire   . . .        a - +0 mace
rCold   . . .        (no shield)
rNeg    . . .        (helmet restricted)
rPois   .            (no amulet)
rElec   .            (no ring)
rCorr   .            (no ring)
SInv    .            (no ring)
Will    .....        (no ring)
Stlth   +++++        (no ring)
HPRegen 0.25/turn    (no ring)
MPRegen 0.09/turn    (no ring)
                     (no ring)

%: no passive effects
@: no status effects
A: almost no armour, amphibious, 8 rings, camouflage 1, gelatinous body 1,
(nimble swimmer 1), tentacles
a: Renounce Religion


You were in the Ecumenical Temple.
You worshipped Dithmenos.
Dithmenos was noncommittal.
You visited 2 branches of the dungeon, and saw 5 of its levels.

You collected 48 gold pieces.

Inventory:

Hand Weapons
 a - a +0 mace (weapon)
Missiles
 k - 7 stones
Wands
 f - a wand of digging (3)
 g - a wand of flame (36)
Scrolls
 b - a scroll of fog
 c - a scroll of revelation
 d - a scroll of fear
Potions
 e - a potion of haste
 h - a potion of might {unknown}
 i - 2 potions of heal wounds {unknown}
 j - a potion of ambrosia {unknown}


   Skills:
 - Level 3.0 Fighting
 - Level 2.0 Maces & Flails
 - Level 2.0 Dodging
 + Level 9.2 Stealth


You had 3 spell levels left.
You didn't know any spells.
Your spell library was empty.

Dungeon Overview and Level Annotations

Branches:
Dungeon (7/15)             Temple (1/1) D:5

Altars:
Ashenzari
Cheibriados
Dithmenos
Fedhas
Hepliaklqana
Nemelex Xobeh
Ru
Vehumet
Wu Jian
Yredelemnul
Zin
The Shining One

Annotations:
D:5 Grinder


Innate Abilities, Weirdness & Mutations

You cannot wear most types of armour.
You are amphibious.
You can wear up to eight rings at the same time.
Your skin changes colour to match your surroundings (Stealth+).
Your rubbery body absorbs attacks. (AC +1, EV +1)
((You are camouflaged when in or above water. (Stealth+)))
You have tentacles for arms and can constrict up to eight enemies at once.


Message History

Found a radiant altar of Vehumet and a sparkling altar of Nemelex Xobeh.
Found two altars.
You enter the shallow water.
There is a shadowy altar of Dithmenos here.
You curl up in front of the altar of Dithmenos.
Dithmenos welcomes you!
You enter the shallow water.
You enter the shallow water.
You enter the shallow water.
You enter the shallow water.
You see here a +0 flail.
There is a staircase back to the Dungeon, spattered with blood here.
You climb upwards.
Level annotation: Grinder
There is a staircase to the Ecumenical Temple here.
Found 4 stones.
The iguana hisses angrily.
The orc shouts!
There is a staircase to the Ecumenical Temple here.
You closely miss the orc.
The iguana hisses angrily.
Your grab misses the orc. The orc barely misses you.
The orc hits you with a +0 short sword.
You can't go up here!
The orc closely misses you. The iguana bites you.
You climb downwards.
Welcome back to the Ecumenical Temple!
There is a staircase back to the Dungeon, spattered with blood here.
You sock the iguana! You grab the iguana.
The iguana is heavily wounded.
You constrict the iguana, but do no damage.
The orc closely misses you. The iguana bites you.
You hit the iguana but do no damage.
The iguana is heavily wounded.
You constrict the iguana, but do no damage.
The orc hits you with a +0 short sword. The iguana bites you!
* * * LOW HITPOINT WARNING * * *
You hit the iguana. You squeeze the iguana.
You kill the iguana!
Dithmenos accepts your kill. The orc closely misses you.
The orc hits you with a +0 short sword.
You die...

##≈≈≈≈≈≈≈≈≈≈~...~.~.#≈≈≈≈≈≈≈≈≈≈##
##≈≈≈≈≈≈≈≈≈~..~~.~..#≈≈≈≈≈≈≈≈≈≈##
##≈≈≈≈≈≈≈≈~~#.~.~...#~≈≈≈≈≈≈≈≈≈##
##≈≈≈≈≈≈≈≈≈~~_..~.~_~~≈≈≈≈≈≈≈≈≈##
##≈≈≈≈≈≈≈≈≈~#~.~...~#≈≈≈≈≈≈≈≈≈≈##
##≈≈≈≈≈≈≈≈≈≈~8......#~≈≈≈≈≈≈≈≈≈##
##≈≈≈≈≈≈≈≈≈≈~~~.~~#.~~≈≈≈≈≈≈≈≈≈##
##≈≈≈≈≈≈≈≈≈≈~≈~8)8.~~~≈≈≈≈≈≈≈≈≈##
##≈≈≈≈≈≈≈≈≈≈≈≈#.@o#~~~≈≈≈≈≈≈≈≈≈##
##≈≈≈≈≈≈≈≈≈≈≈≈~8†8.~~≈≈≈≈≈≈≈≈≈≈##
##≈≈≈≈≈≈≈≈≈≈≈~.~~.#≈≈≈≈≈≈≈≈≈≈≈≈##
##≈≈≈≈≈≈≈≈≈≈≈~~~~~~≈≈≈≈≈≈≈≈≈≈≈≈##
##≈≈≈≈≈≈≈≈≈≈≈≈~≈~≈≈≈≈≈≈≈≈≈≈≈≈≈≈##
##≈≈≈≈≈≈≈≈≈≈≈≈≈≈≈≈≈≈≈≈≈≈≈≈≈≈≈≈≈##
##≈≈≈≈≈≈≈≈≈≈≈≈≈≈≈≈≈≈≈≈≈≈≈≈≈≈≈≈≈##
##≈≈≈≈≈≈≈≈≈≈≈≈≈≈≈≈≈≈≈≈≈≈≈≈≈≈≈≈≈##
##≈≈≈≈≈≈≈≈≈≈≈≈≈≈≈≈≈≈≈≈≈≈≈≈≈≈≈≈≈##


You could see an orc.

Vanquished Creatures
  A scorpion (D:4)
  A hound (D:4)
  An iguana (Temple)
  A gnoll (Temple)
  An orc (D:4)
  A hobgoblin (D:4)
  A kobold (D:4)
  A ball python (D:4)
8 creatures vanquished.

Notes
Turn   | Place    | Note
-------+----------+-------------------------------------------
     0 | D:5      | Azuregosa the Octopode Delver began the quest for the Orb.
     0 | D:5      | Reached XP level 1. HP: 16/16 MP: 1/1
    75 | D:5      | Noticed Grinder
   163 | D:4      | Noticed a scorpion
   223 | D:4      | Noticed a scorpion
   229 | D:4      | Reached skill level 7 in Stealth
   232 | D:4      | Killed a scorpion
   233 | D:4      | Reached skill level 8 in Stealth
   233 | D:4      | Reached XP level 2. HP: 10/21 MP: 2/2
   233 | D:4      | Reached XP level 3. HP: 13/26 MP: 3/3
   233 | D:4      | Reached XP level 4. HP: 15/31 MP: 4/4
   460 | D:4      | Reached skill level 9 in Stealth
   472 | D:5      | Found a staircase to the Ecumenical Temple.
   479 | Temple   | Entered the Ecumenical Temple
   598 | Temple   | Became a worshipper of Dithmenos the Shadowed
   622 | Temple   | Slain by an orc

Illustrated notes

Levels and vault maps discovered:
D:4:      layout_basic, kennysheep_generic_room_3, uniq_natasha
D:5:      layout_loops_cross, okawaru_metal_pillars_1_2,
          minmay_temple_entry_sparse_star, uniq_grinder
D:6:      layout_loops_ring, lemuel_round_altar
D:7:      layout_loops_corners, kennysheep_little_box, serial_rivers,
          chequers_serial_rivers_small_a, chequers_serial_rivers_micro_c,
          chequers_serial_rivers_marsh, chequers_serial_rivers_micro_e,
          chequers_serial_rivers_small_3, nicolae_ossuary_entry_catacombs,
          grunt_decor_cap
Temple:   chequers_temple_sunken

Skill      XL: |  1  2  3  4 |
---------------+-------------+-----
Stealth        | 8 9 |  9.2
Fighting       | |  3.0
Maces & Flails | |  2.0
Dodging        | |  2.0

Action                     |  1- 3 |  4- 6 || total
---------------------------+-------+-------++-------
  Melee: Mace              |    13 |    10 ||    23
         Constrict         |     3 |     3 ||     6
         Tentacles         |     2 |     3 ||     5
   Stab: Sleeping          |     2 |       ||     2
         Distracted        |     1 |       ||     1
 Armour: Skin              |     4 |    10 ||    14
  Dodge: Dodged            |     8 |    13 ||    21

Table legend: (Time is in decaauts)
 A = Elapsed time spent in this place.
 B = Non-inter-level travel time spent in this place.
 C = Inter-level travel time spent in this place.
 D = Time resting spent in this place.
 E = Time spent auto-exploring this place.
 F = Levels seen in this place.
 G = Mean time per level.
                   A        B        C        D        E       F      G
               +--------+--------+--------+--------+--------+-----+--------+
         Total |    629 |    629 |      0 |    151 |    200 |   5 |  125.8 |
       Dungeon |    490 |    490 |      0 |     62 |    200 |   4 |  122.5 |
        Temple |    139 |    139 |      0 |     89 |      0 |   1 |  139.0 |
               +--------+--------+--------+--------+--------+-----+--------+

Top non-repeatable levels by time:
     D:4: 373 daAuts
  Temple: 139 daAuts
     D:5: 64 daAuts
     D:6: 51 daAuts
     D:7: 1 daAuts
